General information
- name: BNet
- type: Ladder team game (AT/RT)
- host: Battle.net
- saver: WTF
map: TwilightRuins
- players: 8
- length: 69:46
- speed: Fast
- version: 1.28 W3XP
- replay type: Public
» download(426 KB)
Players
team 1 (winner)
t0fu_ (
teal | 36 APM | 2546 actions | 69:46)
5 Mountain King
3 Storm Bolt
2 Bash
2 Archmage
1 Brilliance Aura
1 Summon Water Elemental
1 Priestess of the Moon
1 Trueshot Aura
1 Dark Ranger
1 Silence
» actions
| Assign group hotkey | 46 | |
| Basic commands | 1 | |
| Build / train | 92 | |
| Enter build submenu | 27 | |
| Enter hero's abilities submenu | 9 | |
| Remove unit from queue | 3 | |
| Right click | 1216 | |
| Select / deselect | 462 | |
| Select group hotkey | 620 | |
| Use ability | 70 | |
2546 total
» units
| Peasant | 16 | |
| Rifleman | 20 | |
| Priest | 7 | |
| Sorceress | 1 | |
| Wisp | 1 | |
45 total
» upgrades
| Masonry | 3 | |
| Gunpowder | 2 | |
| Lumber Harvesting | 2 | |
| Armor | 3 | |
| Long Rifles | 1 | |
| Magic Sentry | 1 | |
| Flare | 1 | |
| Priest Training | 2 | |
| Sorceress Training | 1 | |
16 total
» buildings
| Altar of Kings | 1 | |
| Farm | 7 | |
| Blacksmith | 1 | |
| Barracks | 1 | |
| Scout Tower | 8 | |
| Arcane Tower | 2 | |
| Lumber Mill | 1 | |
| Guard Tower | 3 | |
| Keep | 1 | |
| Arcane Vault | 1 | |
| Arcane Sanctum | 2 | |
| Workshop | 1 | |
| Castle | 1 | |
30 total
» build order
00:23 Altar of Kings
00:38 Farm
01:13 Blacksmith
01:22 Farm
01:44 Barracks
02:03 Scout Tower
02:36 Arcane Tower
05:27 Lumber Mill
05:39 Farm
06:31 Scout Tower
06:42 Scout Tower
07:04 Scout Tower
07:32 Scout Tower
07:42 Farm
08:00 Arcane Tower
08:02 Guard Tower
08:39 Keep
09:01 Farm
09:14 Arcane Vault
10:21 Scout Tower
10:30 Farm
11:05 Arcane Sanctum
11:10 Guard Tower
12:05 Workshop
12:39 Farm
12:52 Castle
15:07 Arcane Sanctum
15:41 Scout Tower
18:38 Scout Tower
18:54 Guard Tower
» items
| Scroll of Regeneration | 2 | |
| Orb of Fire | 1 | |
| Lesser Clarity Potion | 1 | |
| Scroll of Town Portal | 1 | |
5 total
WTF (
blue | 148 APM | 10299 actions | 69:46)
10 Archmage
3 Summon Water Elemental
3 Brilliance Aura
1 Mass Teleport
3 Blizzard
10 Mountain King
3 Storm Bolt
3 Bash
1 Avatar
3 Thunder Clap
» actions
| Assign group hotkey | 201 | |
| Basic commands | 352 | |
| Build / train | 263 | |
| ESC pressed | 10 | |
| Enter build submenu | 72 | |
| Enter hero's abilities submenu | 21 | |
| Give item / drop item | 9 | |
| Right click | 3670 | |
| Select / deselect | 1257 | |
| Select group hotkey | 3713 | |
| Use ability | 731 | |
10299 total
» units
| Peasant | 27 | |
| Footman | 6 | |
| Rifleman | 10 | |
| Goblin Shredder | 3 | |
| Sorceress | 7 | |
| Spell Breaker | 9 | |
| Priest | 3 | |
| Goblin Zeppelin | 14 | |
| Dragonhawk Rider | 3 | |
| Flying Machine | 3 | |
| Siege Engine | 2 | |
87 total
» upgrades
| Gunpowder | 3 | |
| Masonry | 3 | |
| Long Rifles | 1 | |
| Sorceress Training | 2 | |
| Priest Training | 2 | |
| Lumber Harvesting | 1 | |
| Control Magic | 1 | |
| Plating | 3 | |
| Armor | 3 | |
| Swords | 3 | |
| Cloud | 1 | |
| Storm Hammers | 1 | |
| Animal War Training | 1 | |
| Magic Sentry | 1 | |
| Barrage | 1 | |
| Flak Cannons | 1 | |
| Flying Machine Bombs | 1 | |
| Fragmentation Shards | 1 | |
| Flare | 1 | |
31 total
» buildings
| Barracks | 3 | |
| Altar of Kings | 1 | |
| Farm | 14 | |
| Lumber Mill | 1 | |
| Arcane Vault | 1 | |
| Blacksmith | 1 | |
| Town Hall | 5 | |
| Scout Tower | 33 | |
| Arcane Tower | 7 | |
| Keep | 3 | |
| Guard Tower | 41 | |
| Castle | 4 | |
| Arcane Sanctum | 3 | |
| Gryphon Aviary | 3 | |
| Workshop | 3 | |
123 total
» build order
00:49 Barracks
00:51 Altar of Kings
00:54 Farm
01:06 Farm
01:13 Farm
01:22 Lumber Mill
01:59 Arcane Vault
02:24 Farm
02:51 Blacksmith
03:54 Town Hall
03:57 Scout Tower
04:40 Farm
05:41 Arcane Tower
05:41 Arcane Tower
06:16 Keep
06:16 Keep
06:16 Keep
06:52 Scout Tower
06:53 Scout Tower
06:54 Scout Tower
06:55 Scout Tower
06:55 Scout Tower
07:10 Farm
07:22 Guard Tower
07:22 Guard Tower
07:23 Guard Tower
07:28 Guard Tower
07:29 Guard Tower
07:29 Guard Tower
07:29 Guard Tower
07:29 Guard Tower
08:08 Scout Tower
08:10 Scout Tower
08:14 Scout Tower
08:47 Guard Tower
08:56 Castle
08:56 Castle
08:56 Castle
09:23 Guard Tower
09:30 Guard Tower
09:50 Arcane Sanctum
09:52 Arcane Sanctum
09:55 Scout Tower
10:39 Guard Tower
10:40 Guard Tower
10:40 Guard Tower
10:59 Barracks
12:56 Arcane Sanctum
13:00 Barracks
13:33 Farm
13:34 Farm
15:19 Farm
15:20 Scout Tower
16:39 Guard Tower
16:40 Guard Tower
16:40 Guard Tower
21:00 Farm
21:01 Farm
21:01 Farm
21:03 Farm
21:05 Farm
26:06 Town Hall
26:07 Scout Tower
26:08 Scout Tower
26:08 Scout Tower
26:08 Scout Tower
26:09 Scout Tower
26:09 Scout Tower
26:10 Scout Tower
27:08 Guard Tower
27:09 Guard Tower
27:09 Guard Tower
28:30 Arcane Tower
28:30 Guard Tower
28:31 Guard Tower
28:31 Guard Tower
38:27 Town Hall
38:29 Scout Tower
39:13 Town Hall
39:16 Arcane Tower
41:05 Town Hall
41:29 Scout Tower
41:29 Scout Tower
41:31 Scout Tower
41:31 Scout Tower
41:34 Scout Tower
41:35 Scout Tower
41:43 Scout Tower
41:44 Scout Tower
42:13 Guard Tower
42:29 Scout Tower
42:30 Scout Tower
42:32 Scout Tower
42:34 Guard Tower
42:47 Scout Tower
43:08 Guard Tower
43:08 Guard Tower
43:12 Scout Tower
43:14 Scout Tower
43:15 Arcane Tower
46:36 Guard Tower
46:37 Guard Tower
48:14 Gryphon Aviary
48:15 Gryphon Aviary
48:16 Gryphon Aviary
50:55 Workshop
51:33 Workshop
52:29 Workshop
» items
| Mechanical Critter | 10 | |
| Scroll of Regeneration | 10 | |
| Tome of Retraining | 1 | |
| Staff of Teleportation | 2 | |
| Periapt of Vitality | 1 | |
| Ivory Tower | 3 | |
| Boots of Speed | 1 | |
| Pendant of Energy | 3 | |
| Mana Stone | 1 | |
| Wand of the Wind | 1 | |
| Scroll of Town Portal | 3 | |
| Staff of Sanctuary | 1 | |
| Claws of Attack +9 | 1 | |
| Orb of Fire | 1 | |
39 total
eRickS0n_ (
green | 37 APM | 2587 actions | 69:46)
4 Archmage
2 Summon Water Elemental
2 Brilliance Aura
3 Paladin
2 Holy Light
1 Divine Shield
» actions
| Build / train | 106 | |
| Enter build submenu | 39 | |
| Enter hero's abilities submenu | 7 | |
| Right click | 1394 | |
| Select / deselect | 928 | |
| Use ability | 113 | |
2587 total
» units
| Peasant | 8 | |
| Mortar Team | 11 | |
| Priest | 7 | |
| Flying Machine | 18 | |
| Druid of the Talon | 10 | |
| Gryphon Rider | 5 | |
| Dryad | 9 | |
| Hippogryph | 5 | |
| Chimaera | 2 | |
| Wisp | 5 | |
80 total
» upgrades
| Gunpowder | 2 | |
| Priest Training | 2 | |
| Armor | 1 | |
| Fragmentation Shards | 1 | |
| Flare | 1 | |
| Flying Machine Bombs | 1 | |
8 total
» buildings
| Altar of Kings | 1 | |
| Farm | 12 | |
| Lumber Mill | 1 | |
| Scout Tower | 3 | |
| Arcane Tower | 1 | |
| Guard Tower | 2 | |
| Keep | 1 | |
| Blacksmith | 1 | |
| Workshop | 2 | |
| Arcane Vault | 1 | |
| Castle | 1 | |
| Arcane Sanctum | 2 | |
| Gryphon Aviary | 1 | |
| Tree of Life | 1 | |
| Moon Well | 3 | |
| Hunter's Hall | 1 | |
| Altar of Elders | 1 | |
35 total
» build order
00:11 Altar of Kings
00:14 Farm
00:57 Farm
01:50 Lumber Mill
02:15 Farm
02:40 Scout Tower
03:04 Scout Tower
03:07 Farm
03:12 Farm
03:17 Arcane Tower
03:55 Farm
03:57 Guard Tower
03:59 Keep
04:58 Farm
05:40 Farm
05:46 Blacksmith
05:50 Scout Tower
07:05 Workshop
07:15 Arcane Vault
07:17 Guard Tower
07:20 Castle
07:56 Arcane Sanctum
08:25 Farm
09:01 Arcane Sanctum
12:31 Workshop
14:24 Farm
15:02 Gryphon Aviary
15:08 Farm
16:47 Farm
28:52 Tree of Life
34:55 Moon Well
34:59 Moon Well
36:09 Hunter's Hall
36:14 Altar of Elders
37:12 Moon Well
» items
| Scroll of Town Portal | 1 | |
| Potion of Healing | 1 | |
| Scroll of Healing | 1 | |
| Scroll of Protection | 1 | |
4 total
thesoldierfox (
yellow | 40 APM | 702 actions | 17:44)
4 Priestess of the Moon
2 Searing Arrows
2 Trueshot Aura
2 Dark Ranger
2 Black Arrow
» actions
| Build / train | 66 | |
| Enter build submenu | 15 | |
| Enter hero's abilities submenu | 6 | |
| Give item / drop item | 1 | |
| Remove unit from queue | 5 | |
| Right click | 369 | |
| Select / deselect | 203 | |
| Use ability | 37 | |
702 total
» units
| Wisp | 16 | |
| Archer | 14 | |
| Druid of the Talon | 6 | |
| Dryad | 7 | |
| Goblin Shredder | 1 | |
| Chimaera | 1 | |
| Huntress | 1 | |
46 total
» upgrades
| Improved Bows | 1 | |
| Abolish Magic | 1 | |
| Druid of the Talon Training | 2 | |
| Ultravision | 1 | |
| Strength of the Wild | 1 | |
| Strength of the Moon | 1 | |
| Marksmanship | 1 | |
8 total
» buildings
| Moon Well | 8 | |
| Altar of Elders | 1 | |
| Ancient of War | 1 | |
| Tree of Ages | 1 | |
| Hunter's Hall | 1 | |
| Tree of Life | 4 | |
| Ancient of Wind | 1 | |
| Ancient of Lore | 1 | |
| Tree of Eternity | 1 | |
| Chimaera Roost | 1 | |
20 total
» build order
00:22 Moon Well
00:23 Moon Well
00:35 Altar of Elders
01:32 Ancient of War
02:35 Tree of Ages
02:49 Moon Well
03:16 Hunter's Hall
05:06 Tree of Life
05:11 Ancient of Wind
05:16 Ancient of Lore
05:22 Moon Well
09:33 Tree of Eternity
12:48 Chimaera Roost
12:51 Moon Well
13:02 Tree of Life
13:04 Moon Well
13:05 Moon Well
13:06 Moon Well
14:45 Tree of Life
16:44 Tree of Life
» items
team 2 (loser)

»
Never_NAme (
purple | 60 APM | 4209 actions | 69:46)
8 Blademaster
3 Wind Walk
3 Critical Strike
1 Bladestorm
1 Mirror Image
» actions
| Assign group hotkey | 29 | |
| Basic commands | 111 | |
| Build / train | 74 | |
| ESC pressed | 3 | |
| Enter build submenu | 70 | |
| Enter hero's abilities submenu | 8 | |
| Remove unit from queue | 1 | |
| Right click | 2724 | |
| Select / deselect | 675 | |
| Select group hotkey | 365 | |
| Use ability | 149 | |
4209 total
» units
| Peon | 18 | |
| Grunt | 4 | |
| Wind Rider | 16 | |
| Troll Batrider | 9 | |
47 total
» upgrades
| Armor | 3 | |
| Ranged Weapons | 3 | |
| Reinforced Defenses | 1 | |
| Spiked Barricades | 0 | |
7 total
» buildings
| Altar of Storms | 2 | |
| Orc Burrow | 13 | |
| Barracks | 1 | |
| Voodoo Lounge | 1 | |
| War Mill | 3 | |
| Stronghold | 1 | |
| Watch Tower | 38 | |
| Beastiary | 4 | |
| Great Hall | 3 | |
| Fortress | 1 | |
67 total
» build order
00:13 Altar of Storms
00:42 Orc Burrow
01:04 Barracks
02:11 Voodoo Lounge
02:33 Orc Burrow
03:13 War Mill
03:25 Orc Burrow
04:55 Stronghold
07:15 Watch Tower
07:18 Watch Tower
07:25 Beastiary
08:36 Beastiary
10:25 Orc Burrow
10:35 Orc Burrow
13:00 Great Hall
13:20 Watch Tower
14:38 Watch Tower
15:41 Watch Tower
16:25 Fortress
16:38 Watch Tower
21:46 Orc Burrow
34:42 Great Hall
49:03 Beastiary
49:13 Beastiary
56:17 Altar of Storms
57:10 Watch Tower
57:11 Watch Tower
57:14 Watch Tower
57:14 Watch Tower
57:21 Watch Tower
57:22 Watch Tower
57:23 Watch Tower
57:23 Watch Tower
57:24 Watch Tower
57:24 Watch Tower
57:29 Orc Burrow
57:31 Orc Burrow
57:35 Orc Burrow
58:20 War Mill
59:18 Orc Burrow
59:46 Watch Tower
59:47 Watch Tower
59:53 Watch Tower
59:53 Watch Tower
59:54 Watch Tower
59:57 Watch Tower
59:58 Watch Tower
59:59 Watch Tower
60:05 Watch Tower
60:05 Watch Tower
60:06 Watch Tower
60:12 Orc Burrow
60:15 Watch Tower
60:17 Watch Tower
64:04 Watch Tower
64:04 Watch Tower
64:06 Watch Tower
64:11 Watch Tower
64:12 Watch Tower
64:13 Watch Tower
64:13 Watch Tower
64:14 Watch Tower
65:11 Watch Tower
67:13 Orc Burrow
68:45 Orc Burrow
68:54 Great Hall
68:57 War Mill
» items
| Healing Salve | 3 | |
| Potion of Healing | 4 | |
7 total
t(+-+t) (
orange | 64 APM | 3053 actions | 48:03)
10 Blademaster
3 Wind Walk
3 Critical Strike
1 Bladestorm
3 Mirror Image
» actions
| Assign group hotkey | 89 | |
| Basic commands | 36 | |
| Build / train | 132 | |
| Enter build submenu | 58 | |
| Enter hero's abilities submenu | 10 | |
| Give item / drop item | 14 | |
| Remove unit from queue | 1 | |
| Right click | 1368 | |
| Select / deselect | 408 | |
| Select group hotkey | 170 | |
| Use ability | 767 | |
3053 total
» units
| Peon | 16 | |
| Grunt | 5 | |
| Goblin Shredder | 2 | |
| Goblin Zeppelin | 4 | |
| Goblin Sapper | 25 | |
| Troll Witch Doctor | 1 | |
| Shaman | 1 | |
| Spirit Walker | 1 | |
55 total
» upgrades
| Reinforced Defenses | 1 | |
| Troll Regeneration | 1 | |
| Ranged Weapons | 3 | |
| Armor | 3 | |
| Spiked Barricades | 3 | |
| Melee Weapons | 3 | |
| Backpack | 0 | |
| Pillage | 1 | |
| Berserker Upgrade | 1 | |
| Berserker Strength | 1 | |
| Burning Oil | 1 | |
| Shaman Training | 2 | |
| Witch Doctor Training | 2 | |
| Spirit Walker Training | 1 | |
23 total
» buildings
| Orc Burrow | 6 | |
| Altar of Storms | 2 | |
| Barracks | 2 | |
| Voodoo Lounge | 3 | |
| Stronghold | 1 | |
| Great Hall | 4 | |
| War Mill | 2 | |
| Fortress | 1 | |
| Watch Tower | 49 | |
| Spirit Lodge | 2 | |
72 total
» build order
00:11 Orc Burrow
00:51 Altar of Storms
00:52 Barracks
01:08 Altar of Storms
01:09 Barracks
01:11 Orc Burrow
01:45 Voodoo Lounge
02:55 Stronghold
04:28 Orc Burrow
04:45 Great Hall
05:47 War Mill
06:56 Fortress
07:02 Watch Tower
07:03 Watch Tower
07:03 Watch Tower
07:03 Watch Tower
07:16 Orc Burrow
08:37 Orc Burrow
09:46 Watch Tower
09:46 Watch Tower
09:47 Watch Tower
09:47 Watch Tower
10:39 Watch Tower
10:39 Watch Tower
10:40 Watch Tower
12:50 War Mill
13:02 Orc Burrow
14:55 Watch Tower
14:56 Watch Tower
14:56 Watch Tower
18:26 Watch Tower
18:26 Watch Tower
19:39 Watch Tower
19:39 Watch Tower
19:40 Watch Tower
19:41 Watch Tower
19:41 Watch Tower
19:42 Watch Tower
19:42 Watch Tower
19:43 Watch Tower
19:44 Watch Tower
19:46 Voodoo Lounge
19:58 Watch Tower
19:59 Watch Tower
19:59 Watch Tower
20:00 Watch Tower
20:01 Watch Tower
28:12 Great Hall
28:18 Voodoo Lounge
28:20 Watch Tower
28:20 Watch Tower
28:20 Watch Tower
28:21 Watch Tower
28:21 Watch Tower
28:22 Watch Tower
28:22 Watch Tower
28:23 Watch Tower
28:24 Watch Tower
28:24 Watch Tower
28:25 Watch Tower
28:26 Watch Tower
33:42 Spirit Lodge
33:44 Spirit Lodge
37:26 Great Hall
38:25 Great Hall
39:52 Watch Tower
39:53 Watch Tower
39:53 Watch Tower
39:53 Watch Tower
» items
| Healing Salve | 8 | |
| Boots of Speed | 1 | |
| Staff of Teleportation | 1 | |
| Lesser Clarity Potion | 6 | |
| Sentry Wards | 1 | |
| Orb of Lightning | 1 | |
| Potion of Healing | 7 | |
| Scroll of Town Portal | 5 | |
| Potion of Mana | 6 | |
| Periapt of Vitality | 2 | |
| Tiny Great Hall | 1 | |
| Gloves of Haste | 1 | |
40 total
Meowmeowington (
red | 19 APM | 1360 actions | 69:46)
6 Demon Hunter
3 Mana Burn
2 Evasion
1 Metamorphosis
4 Warden
1 Shadow Strike
2 Fan of Knives
1 Blink
» actions
| Basic commands | 92 | |
| Build / train | 62 | |
| ESC pressed | 6 | |
| Enter build submenu | 23 | |
| Enter hero's abilities submenu | 10 | |
| Give item / drop item | 1 | |
| Right click | 596 | |
| Select / deselect | 481 | |
| Use ability | 89 | |
1360 total
» units
| Wisp | 16 | |
| Archer | 7 | |
| Huntress | 4 | |
| Dryad | 5 | |
| Druid of the Claw | 6 | |
38 total
» upgrades
| Moon Armor | 1 | |
| Strength of the Moon | 1 | |
| Reinforced Hides | 2 | |
| Druid of the Claw Training | 2 | |
| Abolish Magic | 1 | |
| Strength of the Wild | 1 | |
8 total
» buildings
| Altar of Elders | 1 | |
| Moon Well | 7 | |
| Ancient of War | 1 | |
| Hunter's Hall | 1 | |
| Tree of Ages | 1 | |
| Ancient Protector | 3 | |
| Ancient of Lore | 2 | |
| Tree of Eternity | 1 | |
| Ancient of Wonders | 1 | |
| Tree of Life | 5 | |
23 total
» build order
00:07 Altar of Elders
00:11 Moon Well
00:17 Ancient of War
01:39 Moon Well
02:35 Hunter's Hall
03:21 Moon Well
04:10 Tree of Ages
04:13 Ancient Protector
05:34 Moon Well
06:12 Ancient Protector
07:05 Ancient of Lore
07:49 Ancient of Lore
09:40 Tree of Eternity
10:27 Ancient of Wonders
11:19 Moon Well
12:42 Tree of Life
13:22 Tree of Life
14:21 Moon Well
16:09 Moon Well
17:46 Ancient Protector
21:07 Tree of Life
23:51 Tree of Life
24:34 Tree of Life
» items
| Scroll of Town Portal | 1 | |
| Healing Salve | 1 | |
2 total

»
Mina_TheOne (
pink | 38 APM | 2051 actions | 54:03)
6 Far Seer
3 Feral Spirit
2 Chain Lighting
1 Earth Quake
4 Shadow Hunter
3 Healing Wave
1 Hex
1 Warden
1 Blink
» actions
| Assign group hotkey | 16 | |
| Basic commands | 213 | |
| Build / train | 111 | |
| ESC pressed | 5 | |
| Enter build submenu | 41 | |
| Enter hero's abilities submenu | 12 | |
| Give item / drop item | 1 | |
| Remove unit from queue | 4 | |
| Right click | 582 | |
| Select / deselect | 853 | |
| Select group hotkey | 34 | |
| Use ability | 179 | |
2051 total
» units
| Peon | 5 | |
| Grunt | 13 | |
| Goblin Shredder | 1 | |
| Troll Headhunter/Berserker | 11 | |
| Shaman | 11 | |
| Troll Batrider | 6 | |
| Raider | 3 | |
50 total
» upgrades
| Melee Weapons | 2 | |
| Pillage | 1 | |
| Armor | 2 | |
| Shaman Training | 2 | |
| Berserker Upgrade | 1 | |
| Troll Regeneration | 1 | |
| Ranged Weapons | 2 | |
| Reinforced Defenses | 1 | |
| Spiked Barricades | 3 | |
| Liquid Fire | 1 | |
| Ensnare | 1 | |
17 total
» buildings
| Altar of Storms | 2 | |
| Orc Burrow | 4 | |
| Barracks | 2 | |
| War Mill | 1 | |
| Watch Tower | 18 | |
| Voodoo Lounge | 1 | |
| Stronghold | 1 | |
| Great Hall | 3 | |
| Fortress | 1 | |
| Spirit Lodge | 2 | |
| Beastiary | 1 | |
| Tauren Totem | 2 | |
38 total
» build order
00:11 Altar of Storms
00:19 Orc Burrow
00:39 Barracks
01:41 War Mill
01:54 Orc Burrow
05:25 Watch Tower
05:27 Watch Tower
05:33 Barracks
05:40 Voodoo Lounge
06:20 Orc Burrow
06:31 Stronghold
08:07 Great Hall
09:33 Fortress
09:55 Spirit Lodge
10:24 Orc Burrow
12:43 Spirit Lodge
15:52 Beastiary
16:05 Watch Tower
16:30 Great Hall
28:03 Watch Tower
29:11 Watch Tower
29:37 Great Hall
30:25 Watch Tower
30:27 Watch Tower
49:43 Watch Tower
50:24 Watch Tower
50:25 Watch Tower
50:27 Watch Tower
50:28 Watch Tower
50:30 Watch Tower
50:58 Altar of Storms
51:01 Watch Tower
52:04 Tauren Totem
52:29 Watch Tower
52:31 Watch Tower
52:33 Watch Tower
52:42 Watch Tower
53:07 Tauren Totem
» items
| Lesser Clarity Potion | 5 | |
| Potion of Healing | 4 | |
| Healing Salve | 1 | |
| Scroll of Speed | 3 | |
| Scroll of Town Portal | 2 | |
15 total
Chat log
(00:25 / All) WTF: asshole
(00:39 / All) Meowmeowington: blow on your consol
(02:51 / All) t(+-+t): I AM THE GOD OF 4s
(02:59 / All) Meowmeowington: whats that mean
(03:04 / All) t(+-+t): play on god of war
(03:12 / All) Meowmeowington: oh
(03:19 / Allies) WTF: it's one player
(03:30 / Allies) WTF: micro dude
(03:35 / Allies) eRickS0n_: im coming
(03:36 / Allies) WTF: call militia
(03:39 / Allies) WTF: lol
(03:41 / Allies) eRickS0n_: blue chill
(05:24 / Allies) eRickS0n_: build a tower teal
(06:44 / Allies) eRickS0n_: they rushing
(06:53 / Allies) eRickS0n_: back
(08:14 / All) eRickS0n_: LOL red
(08:26 / All) Meowmeowington: shit happens b
(09:44 / Allies) eRickS0n_: wood plz
(10:25 / Allies) WTF: I'm creeping that
(10:37 / Allies) WTF: need level 3 mk
(10:44 / Allies) eRickS0n_: get mages
(10:48 / All) t(+-+t): I'd be level 5 if not for retard red
(10:49 / Allies) WTF: gonna
(10:50 / Allies) eRickS0n_: i got priests laready fully upgra
(10:55 / All) t(+-+t): went for my greens before he even crept his expo
(11:08 / Allies) WTF: Teal I don't need your heal
(11:12 / Allies) WTF: help
(11:22 / Allies) WTF: noob taking my xp
(11:39 / Allies) WTF: I'd be level 3/3 if not for you
(11:41 / Allies) WTF: asshole
(13:54 / Allies) WTF: teal is big noob
(14:27 / All) t(+-+t): UH OH
(15:20 / All) t(+-+t): yellow mh lol
(15:43 / All) WTF: yellow sucks big time
(15:48 / All) t(+-+t): with mh lol
(15:55 / All) WTF: can you believe it oj? I got a whole team of NOOBS
(16:09 / All) t(+-+t): yellow paid for mh lol
(16:22 / All) thesoldierfox: so did you
(16:24 / All) WTF: you pay 50 bucks for mh yellow?
(16:29 / All) t(+-+t): lol?
(16:43 / All) WTF: you pay 50 bux for mh yellow?
(16:57 / All) t(+-+t): daddy's home
(17:02 / All) t(+-+t): daddy's home yellow
(17:04 / Allies) t0fu_: tp
(17:06 / Allies) WTF: coming
(17:40 / All) thesoldierfox: u lucky my team is noob
(17:45 / All) WTF: you're noob yellow
(17:50 / All) WTF: lol
(17:58 / All) t(+-+t): lol
(20:23 / All) t(+-+t): yellow got his whole army repeatedly raped by 1 bm
(20:28 / All) t(+-+t): WITH MH
(20:33 / All) WTF: then blamed it on his team LOL
(20:39 / All) t(+-+t): lawl
(20:47 / All) t(+-+t): I was taking it easy on him too
(20:56 / All) t(+-+t): ^_-
(22:54 / Allies) WTF: brt
(23:01 / Allies) eRickS0n_: fucker
(23:11 / Allies) WTF: coming
(23:30 / Allies) eRickS0n_: too alte now
(23:32 / Allies) eRickS0n_: retard
(24:24 / Allies) WTF: get carried trash
(24:33 / Allies) eRickS0n_: okay
(24:35 / Allies) eRickS0n_: now go hit
(24:37 / Allies) eRickS0n_: b4 they amss
(24:50 / Allies) eRickS0n_: wow
(24:55 / Allies) WTF: noob
(24:56 / Allies) eRickS0n_: ur retarded for killing my units
(25:01 / Allies) WTF: you're trash and I don't even need you
(25:05 / Allies) WTF: give me all your resourcesa nd leave the game
(27:23 / Allies) WTF: green leave and give me all your resources
(27:24 / Allies) WTF: you are shit
(27:40 / Allies) eRickS0n_: im yellow
(29:15 / All) t(+-+t): Mazuru is a muthafuckin BEAST
(29:19 / All) t(+-+t): this dude GOES HAM
(32:05 / All) eRickS0n_: yall should fo killed blue imo
(32:10 / All) eRickS0n_: hes the best player ive ever seen
(32:20 / All) WTF: ty green
(33:23 / Allies) eRickS0n_: teal
(33:26 / Allies) eRickS0n_: stop cotnrolling yellow
(34:08 / All) WTF: I have 8k how much do you guys have
(34:14 / All) t(+-+t): 15k
(34:25 / All) eRickS0n_: i have $50k in my chase
(37:06 / All) t(+-+t): I think I just had a bug on my mana
(37:09 / All) t(+-+t): it all got really depleted
(37:56 / All) t(+-+t): fuck
(38:40 / All) t(+-+t): my sapper got sappered by the other one
(38:45 / All) t(+-+t): couldn't get it out of the way
(39:13 / Allies) WTF: ty
(39:27 / Allies) eRickS0n_: oj ahs 4 expos
(39:29 / Allies) eRickS0n_: idk blue
(39:31 / Allies) WTF: I'm gonna get 4
(39:35 / Allies) t0fu_: give me gold
(39:36 / Allies) WTF: and he isn't fighting
(39:40 / Allies) t0fu_: pls
(40:10 / Allies) eRickS0n_: can i get gold to get my heros
(40:12 / Allies) eRickS0n_: at least
(40:14 / Allies) eRickS0n_: they can help
(40:38 / All) t(+-+t): Hehe
(40:58 / Allies) eRickS0n_: blue
(40:59 / Allies) eRickS0n_: plz
(41:01 / Allies) WTF: what
(41:03 / Allies) eRickS0n_: can i get gold for hero
(41:05 / Allies) WTF: k
(41:06 / Allies) eRickS0n_: at tavern
(41:09 / Allies) eRickS0n_: 1000
(41:14 / Allies) eRickS0n_: for both pali and arch
(41:18 / Allies) eRickS0n_: ty
(41:41 / Allies) t0fu_: share
(41:42 / All) t(+-+t): shhheeeeeit
(41:45 / Allies) t0fu_: for my dk
(41:49 / Allies) t0fu_: ops
(41:50 / Allies) eRickS0n_: fuck
(41:52 / Allies) t0fu_: mk
(41:54 / Allies) eRickS0n_: 200 more
(41:59 / Allies) WTF: k
(42:04 / Allies) eRickS0n_: lumber
(42:21 / Allies) eRickS0n_: ty ty
(42:27 / Allies) eRickS0n_: cool i can help now
(42:43 / Allies) WTF: teal dont think you have farm to get heroes
(42:49 / Allies) t0fu_: yeah
(42:59 / All) WTF: fight me pussy
(43:56 / All) t(+-+t): you can run, but you can't hide
(43:58 / All) t(+-+t): RUNNER
(44:25 / Allies) eRickS0n_: 1v1 now
(45:10 / Allies) eRickS0n_: why do the towers atk so slow
(45:23 / All) WTF: STAFF
(45:25 / All) WTF: sigh
(45:47 / All) WTF: BOOM
(45:55 / All) t(+-+t): worked out okay anyway
(46:08 / All) WTF: lucky he got overconfident
(46:29 / Allies) t0fu_: make mortals shop
(46:38 / All) t(+-+t): you got any team left for me to abuse?
(46:42 / All) WTF: don't think so
(46:45 / All) WTF: my team was pretty newbie
(46:51 / All) t(+-+t): Sad. Mazuru needs fresh meat!
(47:00 / All) WTF: standoff?
(47:34 / All) t(+-+t): Yeah
(47:38 / All) t(+-+t): deplete the gold mines first
(47:41 / All) WTF: Listen up everyone
(47:52 / All) WTF: ORange and I were in this together, we're going to kill everything including our own units and leave no way to rebuild
(47:58 / All) WTF: last team to leave leaves victorious, sound good?
(48:01 / All) WTF: will you all stay for standoff
(48:03 / All) WTF: SIGH
(48:10 / All) Never_NAme: ashole
(48:39 / All) WTF: Time to do this the hard way
(51:38 / All) eRickS0n_: archmage in this scenario is OP
(53:56 / All) eRickS0n_: gg
(53:57 / All) WTF: BOOM
(54:09 / All) eRickS0n_: ur not the same
(54:13 / All) eRickS0n_: as orginal orange
(54:14 / Allies) eRickS0n_: lol
(54:17 / All) eRickS0n_: lol
(54:26 / All) eRickS0n_: orange would of never died like that
(54:34 / All) Never_NAme: i wana cry
(54:38 / All) WTF: you lose
(54:39 / All) WTF: out
(54:41 / All) eRickS0n_: yall had this
(54:44 / All) eRickS0n_: lol
(54:49 / All) eRickS0n_: jk
(54:52 / All) eRickS0n_: blue too OP
(54:53 / Allies) eRickS0n_: b
(54:56 / All) WTF: ^^
(54:59 / All) eRickS0n_: best player ever
(55:24 / All) eRickS0n_: the W in warcraft
(55:26 / All) eRickS0n_: is for
(55:30 / All) eRickS0n_: WTF
(55:52 / All) eRickS0n_: WTF's throne is anything but frozen
(55:55 / All) WTF: lawl
(56:21 / All) eRickS0n_: WTF can fuck my sister
(56:33 / Allies) t0fu_: altar
(56:34 / All) WTF: I think I like my team after all
(61:04 / Allies) eRickS0n_: omg
(61:05 / Allies) eRickS0n_: blue
(61:10 / Allies) WTF: ?
(61:15 / Allies) eRickS0n_: what makes u steal the lust'
(61:24 / Allies) WTF: steal the lust?
(61:34 / Allies) eRickS0n_: u got bloodlust
(61:37 / Allies) WTF: oh
(61:39 / Allies) WTF: spell breakers
(61:45 / Allies) eRickS0n_: i forgot
(61:48 / Allies) WTF: they have spell steal
(61:48 / Allies) eRickS0n_: hu can do that
(61:50 / Allies) eRickS0n_: OP
(61:58 / Allies) WTF: I forgot too lol
(62:20 / All) eRickS0n_: purp red why yalls till hre
(62:25 / All) eRickS0n_: here
(62:26 / All) WTF: lol bats
(62:28 / All) WTF: that's the answer to my army
(62:38 / All) Never_NAme: yip
(62:39 / All) WTF: bats and towers
(62:49 / All) eRickS0n_: oj he has freeze
(62:55 / All) eRickS0n_: u had better chance goign tauren
(63:01 / All) eRickS0n_: and sham
(63:07 / Allies) t0fu_: make more siege engine
(63:10 / Allies) t0fu_: mass engine
(63:35 / All) WTF: need more hawks
(63:38 / All) WTF: christ that's al ot of towers
(63:43 / All) Never_NAme: lol
(63:55 / Allies) t0fu_: make more siege engine too
(64:14 / All) eRickS0n_: im tryna get my day started blue stop playing with these guys lol
(64:20 / All) WTF: lol
(64:42 / All) WTF: nice
(64:45 / All) WTF: that base is your last shit
(64:50 / All) WTF: you guys must not want to give up after this long
(66:22 / All) WTF: lol
(66:24 / All) WTF: pathetic
(67:06 / All) Never_NAme: this was fun
(68:25 / All) WTF: lol
(69:46 / All) Never_NAme: Yay